Map: [ESL] Inside and Out

Players

gumiho

  • Race: Terran Terran
  • Spawn Location: 1:00

LiquidClem (Clem) - Winner!

  • Race: Terran Terran
  • League: Grandmaster
  • Spawn Location: 7:00

Event: HomeStory Cup XXII

VOD

Have the link to the VOD?

Description

Time

  • Played on: Dec. 17, 2022, 5:14 p.m.
  • Length: 19:37

All games in this series

Show
View Real Time Build Order
Export as new Build Order

gumiho Terran 

Build Orders: Gas First Reaper Expand 

Get SALT Encoding   

  12  0:00  SCV  
  13  0:12  SCV  
  14  0:17  Supply Depot  
  14  0:24  SCV  
  14  0:27  Refinery  
  15  0:38  SCV  
  16  0:44  Barracks  
  16  0:50  SCV  
  17  1:02  SCV  
  18  1:14  SCV  
  19  1:30  Orbital Command  
  19  1:31  Reaper  
  20  1:42  Command Center  
  20  1:50  Factory  
  20  1:56  SCV  
  21  2:03  Supply Depot  
  21  2:05  Reaper  
  22  2:10  Refinery  
  22  2:12  SCV  
  23  2:25  SCV  
  24  2:34  Hellion  
  27  2:37  SCV  
  27  2:38  Starport  
  27  2:40  Marine  
  28  2:49  SCV  
  29  2:55  Hellion, Orbital Command  
  31  3:00  Barracks Tech Lab  
  31  3:01  SCV  
  32  3:13  SCV  
  32  3:17  Hellion  
  35  3:20  Supply Depot  
  35  3:22  SCV  
  35  3:23  Raven  
  35  3:26  SCV  
  39  3:28  Barracks Reactor  
  39  3:33  Refinery  
  39  3:34  SCV  
  39  3:39  SCV, Factory Tech Lab  
  41  3:46  SCV  
  42  3:53  Command Center  
  42  3:55  SCV  
  43  3:58  SCV  
  43  4:01  Cyclone  
  47  4:05  Supply Depot  
  47  4:08  SCV  
  48  4:10  SCV  
  48  4:15  Marine  
  50  4:18  Marine  
  50  4:20  SCV  
  50  4:22  SCV  
  52  4:27  Raven  
  54  4:32  SCV  
  54  4:33  Marine  
  54  4:35  SCV  
  54  4:36  Marine  
  56  4:43  Siege Tank  
  56  4:44  SCV  
  60  4:47  SCV  
  60  4:51  Marine  
  62  4:56  Supply Depot  
  62  4:58  Supply Depot  
  62  5:02  Marine  
  62  5:09  Barracks  
  62  5:11  Barracks  
  62  5:12  SCV x2  
  64  5:14  Raven  
  64  5:15  Siege Tank  
  64  5:18  Orbital Command  
  65  5:24  SCV x2  
  65  5:26  Marine x2  
  68  5:36  SCV x2  
  68  5:39  Refinery  
  70  5:44  SCV, Marine x2  
  70  5:48  SCV, Siege Tank  
  77  5:52  Orbital Command  
  77  5:54  SCV  
  78  5:59  Barracks Reactor x2  
  78  6:00  Engineering Bay  
  78  6:01  Engineering Bay  
  78  6:06  SCV  
  78  6:07  SCV  
  78  6:08  Viking  
  78  6:09  Viking  
  84  6:13  Supply Depot, Marine  
  85  6:18  SCV  
  85  6:19  SCV x2  
  88  6:26  Siege Tank  
  88  6:28  Refinery  
  88  6:29  Supply Depot  
  88  6:31  SCV x2  
  93  6:34  SCV, Terran Infantry Weapons Level 1  
  94  6:41  Terran Infantry Armor Level 1  
  94  6:45  Marine x5  
  99  6:48  SCV x2  
  99  6:51  Supply Depot, SCV  
  102  6:58  Siege Tank  
  100  7:02  Marine  
  100  7:04  Marine x4  
  87  7:12  Viking x2  
  80  7:17  SCV x2  
  80  7:18  SCV  
  80  7:20  Marine  
  80  7:22  Marine x4  
  76  7:30  SCV  
  76  7:31  SCV  
  77  7:37  SCV  
  77  7:38  Marine  
  77  7:39  Marine  
  77  7:40  Marine x3  
  77  7:42  SCV  
  77  7:44  SCV  
  87  7:45  Stimpack  
  87  7:49  SCV  
  87  7:50  Viking  
  88  7:51  Viking  
  88  7:54  SCV  
  88  7:56  SCV, Marine, Refinery  
  93  8:01  Supply Depot, SCV  
  93  8:03  Marine x4  
  98  8:06  SCV  
  98  8:08  SCV  
  99  8:13  SCV  
  99  8:14  Marine  
  101  8:20  Viking  
  101  8:21  Viking, Marine x3  
  101  8:23  SCV x2  
  101  8:26  SCV, Marine  
  112  8:31  Marine  
  113  8:35  SCV x2  
  113  8:36  Armory  
  115  8:42  SCV  
  115  8:44  Refinery  
  115  8:45  Barracks x2, Marine x4  
  115  8:47  SCV x2  
  122  8:49  Siege Tank  
  122  8:50  Viking  
  122  8:53  Viking  
  129  9:00  SCV x3  
  132  9:03  Factory  
  132  9:10  Marine  
  133  9:22  Command Center  
  133  9:25  Combat Shield  
  133  9:33  Barracks Reactor  
  133  9:34  Barracks Reactor  
  133  9:35  Sensor Tower  
  133  9:37  Supply Depot  
  133  9:38  Medivac x2, Terran Infantry Weapons Level 2, Marine x4  
  141  9:40  Terran Infantry Armor Level 2  
  141  9:53  Supply Depot, Factory Tech Lab  
  141  9:55  Supply Depot, Missile Turret  
  141  9:56  Supply Depot  
  141  9:58  Siege Tank  
  141  9:59  Supply Depot, Terran Vehicle Weapons Level 1  
  144  10:00  Supply Depot  
  144  10:04  Marine x2  
  144  10:06  Missile Turret  
  144  10:12  Marine x2  
  144  10:13  Marine x4  
  140  10:17  Medivac x2  
  143  10:21  Marine x2  
  143  10:22  SCV, Marine  
  147  10:29  Marine x2  
  147  10:30  Siege Tank, Marine  
  147  10:31  Marine  
  154  10:38  Marine x2  
  144  10:45  Marine x2  
  144  10:46  Marine  
  144  10:47  Marine x2  
  144  10:48  Marine x2  
  134  10:53  Siege Tank  
  134  10:55  Marine  
  134  10:56  Marine  
  123  11:03  Marine x3  
  114  11:05  Marine x2  
  114  11:06  Marine x2  
  108  11:13  Marine x2  
  107  11:21  Marine x3  
  107  11:22  Viking x2  
  107  11:23  Marine x2  
  107  11:24  Marine x2  
  115  11:28  SCV  
  115  11:29  SCV  
  115  11:31  Marine x2  
  112  11:39  Marine x3  
  108  11:41  Marine x2  
  108  11:43  Siege Tank  
  108  11:44  Siege Tank  
  116  11:47  SCV x2  
  116  11:48  SCV  
  119  11:57  Medivac x2  
  119  11:59  SCV  
  119  12:00  Planetary Fortress  
  124  12:05  Marine x5  
  124  12:07  Marine  
  124  12:08  Marine x2  
  131  12:09  Marine  
  133  12:19  Siege Tank  
  133  12:20  Siege Tank  
  139  12:23  Marine x5  
  139  12:28  SCV  
  139  12:29  SCV x2  
  147  12:39  Terran Infantry Weapons Level 3, Terran Infantry Armor Level 3  
  147  12:40  Marine  
  147  12:41  SCV, Marine x5  
  147  12:42  Marine  
  147  12:43  Marine  
  156  12:45  Marine  
  157  12:55  Medivac x2  
  161  12:58  Marine x2  
  161  12:59  Sensor Tower, Marine x2  
  165  13:07  Siege Tank x2  
  165  13:08  Marine x2  
  172  13:15  Marine x2  
  156  13:22  Marine x3  
  156  13:23  Marine x2  
  156  13:26  Marine x2  
  152  13:32  Marine x2  
  139  13:39  Siege Tank x2  
  139  13:40  Medivac, Marine x3  
  150  13:41  Marine x2  
  150  13:44  Marine x2  
  153  13:50  Marine  
  153  13:52  Marine  
  148  13:58  Marine x3  
  148  13:59  Marine x2  
  148  14:02  Marine x2  
  153  14:08  Marine  
  151  14:10  Medivac x2, Marine  
  151  14:16  Marine x3  
  155  14:17  Marine x2  
  155  14:22  Marine x2  
  154  14:26  Marine  
  154  14:28  Siege Tank  
  159  14:31  Siege Tank  
  159  14:33  Marine x2  
  159  14:34  Marine x2  
  159  14:35  Orbital Command, Marine  
  164  14:40  Medivac, Marine  
  164  14:41  Marine  
  164  14:42  Marine  
  169  14:53  Marine x2  
  169  14:56  Marine x2  
  173  15:03  Marine  
  168  15:11  Marine x2  
  170  15:15  Marine x2  
  170  15:16  Marine x2  
  170  15:17  Marine x2  
  170  15:21  Marine  
  176  15:26  Medivac x2  
  176  15:27  Orbital Command  
  177  15:28  Marine  
  177  15:32  Marine  
  177  15:33  Marine  
  177  15:34  Marine x2  
  177  15:38  Siege Tank  
  170  15:43  Marine x2  
  170  15:46  Marine  
  168  15:52  Marine x2  
  165  15:59  Marine x3  
  140  16:17  Marine x5  
  136  16:28  SCV x3  
  139  16:40  SCV, Medivac  
  142  16:51  Siege Tank  
  144  16:55  Marine x2  
  144  17:01  Marine x4  
  148  17:02  Marine  
  148  17:06  Orbital Command  
  148  17:07  Marine x2  
  149  17:16  Marine  
  149  17:17  Marine  
  149  17:18  Marine x2  
  149  17:19  Marine x2  
  149  17:20  Marine  
  141  17:25  Marine x2  
  135  17:30  Siege Tank  
  135  17:47  Marine x2  
  135  17:48  Marine  
  135  17:49  Marine x2  
  135  17:50  Siege Tank  
  141  17:54  Marine  
  137  17:59  Marine  
  137  18:00  Marine x2  
  137  18:04  Marine  
  138  18:07  Marine x3  
  124  18:18  Marine x4  
  112  18:21  Siege Tank  
  112  18:22  Medivac  
  111  18:29  Siege Tank  
  111  18:34  Marine x3  
  109  18:35  Marine  
  109  18:39  Marine x2  
  111  18:56  Marine x3  
  111  18:58  Medivac x2  
  111  19:00  Marine x5  
  111  19:02  Marine  
  123  19:14  Marine x3  
  109  19:18  Marine x5  
Show
View Real Time Build Order
Export as new Build Order

LiquidClem Terran - Winner!

Build Orders:  

Get SALT Encoding   

  12  0:00  SCV  
  13  0:12  SCV  
  14  0:16  Supply Depot  
  14  0:24  SCV  
  15  0:38  SCV  
  15  0:39  Barracks  
  15  0:42  Refinery  
  16  0:50  SCV  
  16  0:52  Refinery  
  17  1:02  SCV  
  18  1:14  SCV  
  19  1:26  Reaper, Orbital Command  
  19  1:31  Supply Depot  
  20  1:42  Factory  
  20  1:52  SCV  
  21  1:58  Reaper  
  22  2:04  SCV  
  23  2:19  Command Center  
  23  2:22  SCV  
  24  2:28  Hellion  
  26  2:33  Barracks Reactor  
  26  2:34  SCV  
  27  2:41  Starport  
  27  2:48  Supply Depot  
  27  2:49  SCV  
  28  2:51  Factory Tech Lab  
  28  3:01  SCV  
  29  3:10  Cyclone, Marine  
  29  3:12  Marine  
  34  3:13  SCV  
  35  3:22  Refinery, Medivac  
  35  3:25  SCV  
  38  3:28  Marine  
  38  3:31  Marine  
  40  3:36  Orbital Command  
  40  3:39  SCV  
  41  3:46  Supply Depot  
  41  3:48  Marine  
  41  3:51  SCV, Factory Tech Lab  
  41  3:54  Marine  
  44  3:58  Raven  
  44  4:01  SCV  
  47  4:03  SCV  
  47  4:08  Marine  
  49  4:13  Siege Tank  
  52  4:18  SCV  
  52  4:19  SCV  
  52  4:20  Marine  
  53  4:30  SCV  
  53  4:31  SCV  
  54  4:34  Marine  
  54  4:38  Marine  
  55  4:41  Command Center, Raven  
  58  4:45  SCV  
  58  4:47  Supply Depot  
  58  4:48  SCV  
  59  4:53  Siege Tank  
  62  5:06  Supply Depot  
  62  5:09  SCV x2, Marine x2  
  62  5:12  Refinery  
  66  5:21  SCV x2  
  66  5:28  Siege Tank  
  71  5:33  SCV x2  
  71  5:34  Supply Depot  
  73  5:37  Viking x2  
  73  5:38  Stimpack  
  73  5:40  Marine  
  78  5:53  SCV x2  
  78  5:54  Orbital Command  
  80  5:58  Barracks  
  80  6:00  Barracks  
  80  6:03  Siege Tank  
  83  6:05  SCV x2, Marine  
  83  6:10  Supply Depot  
  86  6:13  Orbital Command  
  86  6:14  Viking  
  86  6:15  Viking  
  86  6:17  SCV  
  91  6:21  SCV  
  91  6:24  Engineering Bay, Marine  
  91  6:25  Engineering Bay  
  93  6:29  SCV  
  92  6:33  SCV  
  92  6:36  Siege Tank  
  96  6:41  SCV  
  96  6:44  Viking  
  96  6:45  Viking  
  102  6:47  SCV x2  
  102  6:52  Barracks Reactor  
  102  6:53  Barracks Reactor  
  103  6:55  Supply Depot, SCV, Terran Infantry Weapons Level 1, Marine  
  103  6:59  SCV, Terran Infantry Armor Level 1  
  106  7:06  SCV  
  99  7:09  SCV  
  99  7:11  SCV  
  99  7:13  Marine  
  94  7:18  SCV, Viking  
  94  7:20  Siege Tank  
  94  7:21  SCV  
  101  7:23  SCV  
  101  7:29  Combat Shield  
  97  7:30  SCV, Marine  
  97  7:31  Marine x2  
  97  7:32  Marine x2  
  97  7:33  SCV  
  97  7:35  SCV  
  104  7:38  Refinery  
  104  7:39  Refinery  
  104  7:40  Supply Depot  
  104  7:42  SCV  
  101  7:45  SCV  
  101  7:48  SCV, Marine  
  101  7:49  Marine  
  105  7:51  Liberator  
  105  7:53  Marine x2  
  105  7:54  SCV  
  105  7:55  Marine  
  105  7:57  SCV  
  113  8:00  Supply Depot  
  113  8:03  Siege Tank  
  116  8:06  Viking, Marine, Barracks x2  
  116  8:11  Marine  
  120  8:14  Marine x2  
  120  8:15  Marine  
  120  8:16  Supply Depot  
  123  8:24  Marine  
  124  8:29  Command Center, Marine  
  124  8:32  Marine x2  
  124  8:33  Supply Depot, Marine  
  128  8:34  Medivac  
  128  8:35  Medivac  
  128  8:39  Factory  
  128  8:40  Armory  
  132  8:41  Marine  
  132  8:43  Siege Tank  
  132  8:46  Marine  
  137  8:49  SCV  
  137  8:51  SCV, Sensor Tower  
  137  8:55  Barracks Reactor  
  139  8:56  Barracks Reactor  
  139  8:58  SCV  
  139  9:01  Supply Depot x2, Marine  
  139  9:02  Barracks Reactor  
  141  9:03  Marine x2  
  143  9:10  SCV, Marine  
  143  9:12  SCV  
  146  9:17  SCV  
  146  9:21  Marine  
  146  9:23  Medivac, Siege Tank  
  153  9:24  Supply Depot x2  
  153  9:29  Marine x2  
  155  9:31  Siege Tank  
  155  9:32  Marine  
  155  9:33  SCV  
  155  9:34  SCV x2  
  155  9:35  Terran Infantry Weapons Level 2  
  162  9:44  Refinery, Marine  
  162  9:45  Refinery, Marine x3  
  166  9:47  Marine x3  
  166  9:48  Terran Infantry Armor Level 2  
  166  9:50  SCV  
  166  9:52  Sensor Tower  
  170  9:57  Marine x2  
  170  9:59  Siege Tank  
  175  10:06  Command Center  
  173  10:08  Siege Tank  
  173  10:11  Marine  
  171  10:17  Marine x5  
  171  10:18  Marine x3  
  171  10:21  Viking  
  176  10:24  Planetary Fortress  
  176  10:27  SCV  
  171  10:28  Marine  
  171  10:29  Marine  
  171  10:35  Marine  
  172  10:36  Siege Tank, Marine x2  
  172  10:37  SCV  
  178  10:43  Medivac  
  178  10:47  Siege Tank  
  178  10:48  Marine x2  
  178  10:49  Marine  
  169  10:50  Medivac, Marine x2  
  167  10:58  Marine x3  
  167  10:59  Marine x2  
  164  11:06  Marine x2, Starport  
  164  11:07  Starport, Marine  
  164  11:08  Terran Vehicle Weapons Level 1, Siege Tank  
  164  11:10  Marine  
  164  11:11  Marine  
  159  11:15  Medivac  
  159  11:16  Marine x3  
  159  11:17  Marine  
  159  11:18  Marine  
  146  11:19  SCV x2, Siege Tank  
  146  11:20  SCV, Medivac  
  146  11:24  Marine x2  
  156  11:26  Marine  
  156  11:29  Marine x2  
  147  11:34  SCV x2, Marine x3  
  147  11:35  Marine x2  
  146  11:41  Siege Tank  
  146  11:42  Marine x2  
  146  11:44  Marine  
  146  11:47  Marine x2  
  152  11:48  Starport Tech Lab x2  
  152  11:49  Viking  
  152  11:52  Hellion, Marine x3  
  161  11:55  Planetary Fortress  
  161  11:56  Marine x2  
  161  11:57  Sensor Tower  
  161  11:59  Marine  
  161  12:00  Refinery, Marine  
  165  12:03  Viking, Marine  
  165  12:04  Marine  
  165  12:07  Refinery  
  165  12:08  Terran Infantry Weapons Level 3  
  169  12:10  Terran Infantry Armor Level 3  
  169  12:12  Marine x2  
  169  12:13  Marine  
  172  12:18  Siege Tank  
  172  12:19  Marine x4  
  179  12:24  Siege Tank  
  179  12:27  Raven  
  182  12:33  SCV  
  182  12:35  Marine x2  
  182  12:36  Marine x4  
  189  12:38  Raven  
  189  12:40  Command Center  
  189  12:44  Command Center  
  190  12:51  Viking x2  
  192  12:56  Siege Tank  
  197  13:01  Marine x4  
  197  13:03  Terran Vehicle Weapons Level 2  
  192  13:22  Siege Tank  
  192  13:24  Marine x4  
  200  13:30  Siege Tank  
  195  13:34  Viking  
  195  13:35  Viking  
  195  13:38  SCV  
  195  13:41  SCV  
  193  13:43  Barracks Reactor  
  193  13:44  Marine  
  193  13:45  Marine x5  
  193  13:46  Marine  
  194  13:51  Marine  
  194  13:52  SCV  
  194  13:54  Hellbat  
  195  14:02  Marine x2  
  194  14:03  Hellbat, Marine x3  
  194  14:09  Marine x3  
  197  14:10  SCV x2  
  193  14:17  Viking  
  193  14:18  Command Center  
  193  14:19  Command Center  
  193  14:20  Marine x4  
  193  14:23  SCV  
  197  14:24  Refinery  
  197  14:25  Refinery, Missile Turret  
  197  14:27  Siege Tank  
  200  14:37  Orbital Command  
  198  14:40  Starport Tech Lab  
  198  14:47  Starport x2  
  198  14:48  Planetary Fortress  
  191  15:03  Viking x2  
  191  15:06  Neosteel Armor  
  192  15:20  Viking  
  194  15:25  Starport Tech Lab  
  194  15:26  Hellbat x2  
  198  15:31  Starport Tech Lab  
  198  15:36  Terran Vehicle And Ship Armor Level 1  
  198  15:41  Viking x2  
  182  15:45  Refinery x2  
  182  15:46  Marine x9  
  182  15:47  Siege Tank x2  
  182  15:49  Raven x2  
  197  15:50  Raven  
  197  15:52  Marine  
  171  16:04  Marine x9  
  153  16:10  Marine  
  154  16:19  Siege Tank  
  154  16:20  Siege Tank  
  154  16:22  Marine x4  
  163  16:29  SCV  
  163  16:30  SCV x3  
  163  16:31  Raven  
  163  16:32  Orbital Command  
  169  16:34  Raven x2  
  173  16:41  SCV  
  173  16:42  SCV x3  
  177  16:48  Orbital Command  
  177  16:52  Hellbat  
  177  16:53  SCV  
  180  16:54  Sensor Tower  
  180  16:56  Viking  
  182  17:03  Siege Tank  
  182  17:06  Marine x5  
  190  17:09  Marine  
  190  17:13  Marine x2  
  190  17:14  Raven  
  190  17:15  Marine  
  187  17:16  Raven  
  187  17:19  Siege Tank  
  193  17:29  Raven  
  195  17:33  Corvid Reactor  
  195  17:35  Orbital Command  
  189  17:52  Hellbat x2  
  189  17:57  Raven  
  184  17:59  Viking x2  
  181  18:11  Raven  
  180  18:13  Hellbat  
  180  18:15  Marine x4  
  180  18:16  Siege Tank, Marine x3  
  188  18:22  SCV  
  188  18:23  SCV  
  181  18:32  Marine  
  181  18:33  Marine x3  
  189  18:34  Siege Tank  
  189  18:35  SCV x2  
  189  18:36  Marine x3  
  189  18:38  SCV  
  189  18:39  SCV  
  189  18:40  Raven  
  199  18:50  Marine  
  200  18:57  Marine  
  200  18:58  Medivac, Marine x4  
  200  18:59  Medivac  
  192  19:07  Barracks x2  
  192  19:08  SCV, Marine  
  193  19:10  Barracks  
  193  19:12  Command Center  
  180  19:18  Marine  
  180  19:19  Marine x2  
  180  19:25  SCV  
Tags
 
Add a new tag
Caveats
  • Supply blocks, unpowered buildings, or Contaminate may cause inaccurate times.
  • Supply counts are checked every 10 seconds.